 Dungeon Crawl Stone Soup version 0.31-a0-214-gb37851dbb3 (webtiles) character file.

Game seed: 9517026532412073766

35908 qw the Cleaver (level 13, -7/84 HPs)
             Began as a Gargoyle Fighter on July 1, 2023.
             Was an Elder of Okawaru.
             Mangled by an eight-headed hydra (9 damage)
             ... on level 4 of the Lair of Beasts.
             The game lasted 00:09:08 (16250 turns).

qw the Cleaver (Gargoyle Fighter)                  Turns: 16250, Time: 00:09:08

Health: -7/84      AC: 38    Str: 24    XL:     13   Next: 86%
Magic:  20/20      EV: 10    Int: 10    God:    Okawaru [****..]
Gold:   669        SH: 11    Dex:  9    Spells: 12/12 levels left

rFire   . . .        o - +2 morningstar
rCold   . . .        c - +0 buckler
rNeg    + . .        e - +0 storm dragon scales
rPois   inf          t - +2 hat
rElec   +            (no cloak)
rCorr   .            p - +2 pair of gloves
SInv    +            g - +1 pair of boots
Will    .....        x - amulet of reflection Stlth
                     h - +4 ring of protection
HPRegen 0.34/turn    l - ring of see invisible
MPRegen 0.17/turn

%: reflection
@: heroic
A: sickness immunity, AC +9, negative energy resistance 1, electricity
resistance, torment resistance 1, petrification resistance
a: Renounce Religion, Heroism, Finesse


You were on level 4 of the Lair of Beasts.
You worshipped Okawaru.
Okawaru was greatly pleased with you.
You visited 3 branches of the dungeon, and saw 16 of its levels.

You collected 787 gold pieces.
You spent 118 gold pieces at shops.


Innate Abilities, Weirdness & Mutations

You are immune to sickness and miasma.
Your stone body is resilient. (AC +9)
You are immune to poison.
You resist negative energy. (rN+)
You are resistant to electric shocks. (rElec)
You are resistant to unholy torment.
You are immune to petrification.


   Skills:
 - Level 11.0(16.0) Fighting
 + Level 14.7(19.7) Axes
 - Level 4.1(9.1) Throwing
 - Level 10.0(15.0) Armour
 - Level 2.6(7.6) Dodging
 - Level 7.0(12.0) Shields
 + Level 9.5 Invocations


You had 12 spell levels left.
You didn't know any spells.
Your spell library was empty.

Inventory:

Hand Weapons
 o - a +2 morningstar (weapon)
 Y - a +1 broad axe
Armour
 c - a +0 buckler (worn)
 e - +0 storm dragon scales (worn)
 g - a +1 pair of boots (worn)
 i - +0 acid dragon scales
 p - a +2 pair of gloves (worn)
 t - a +2 hat (worn)
Jewellery
 h - a +4 ring of protection (left hand)
 l - a ring of see invisible (right hand)
 v - a ring of ice
 x - an amulet of reflection (around neck)
 y - a +6 ring of dexterity
Scrolls
 a - 10 scrolls of identify
 b - a scroll of brand weapon {unknown}
Potions
 d - 4 potions of might
 f - 8 potions of curing
 j - 2 potions of haste
 k - 3 potions of attraction
 n - 2 potions of lignification
 q - a potion of magic
 s - 3 potions of enlightenment

Dungeon Overview and Level Annotations

Branches:
Dungeon (11/15)            Temple (1/1) D:7            Lair (4/5) D:11
  Swamp (0/4) Lair:3       Spider (0/4) Lair:3        Slime (0/5) Lair:4
    Orc (0/2) D:9

Altars:
Ashenzari
Cheibriados
Dithmenos
Elyvilon
Fedhas
Gozag
Hepliaklqana
Kikubaaqudgha
Makhleb
Nemelex Xobeh
Okawaru
Qazlal
Ru
Sif Muna
Trog
Uskayaw
Vehumet
Wu Jian
Xom
Yredelemnul
Zin
The Shining One
Jiyva

Shops:
D:2 !   D:6 (

Annotations:
D:3 4 runed translucent doors, Crazy Yiuf; qw's ghost, weakling GrHs
D:7 2 transporters
Lair:3 exclusion: 2 iguanas


Message History

You block the five-headed hydra's attack.
The five-headed hydra bites you but does no damage. x2
The wyvern hisses menacingly.
You thump the five-headed hydra!
The five-headed hydra is heavily wounded.
The ice encasing you melts away.
A hell rat comes into view.
The hell rat closely misses you.
You block the eight-headed hydra's attack.
The eight-headed hydra closely misses you. x2
The eight-headed hydra barely misses you.
You block the eight-headed hydra's attack.
The eight-headed hydra bites you but does no damage. x3
You hit the five-headed hydra.
The five-headed hydra is heavily wounded.
The hell rat barely misses you.
The five-headed hydra bites you but does no damage. x2
The five-headed hydra bites you.
The five-headed hydra bites you but does no damage. x2
The hell rat closely misses you.
The eight-headed hydra bites you but does no damage. x2
You block the eight-headed hydra's attack.
The eight-headed hydra bites you.
You block the eight-headed hydra's attack.
The eight-headed hydra bites you but does no damage. x2
You block the eight-headed hydra's attack.
You completely miss the five-headed hydra.
The five-headed hydra is heavily wounded.
You block the hell rat's attack.
You block the five-headed hydra's attack.
The five-headed hydra bites you but does no damage.
The five-headed hydra closely misses you.
The five-headed hydra bites you. The five-headed hydra bites you!
The hell rat bites you but does no damage.
You sock the five-headed hydra!
The five-headed hydra is severely wounded.
The wyvern bites you!
The wyvern hisses menacingly.
You block the hell rat's attack. The eight-headed hydra bites you!
You die...

....###...# ###.P..###
..#....#....###.#.....#.
.............#.........#
.............#..........
.......P.....#..P.......
.......#.<....#.##......
......$.................
......Dl......#.........
###rlr@......#P.P......
#.kDrl....##..#.P....


rrkrk................... .rl#.................... .l #...........#....P#.P .
#...........#...###.. #.......(.#......##.P #.......... ......... ....#... You
could see an eight-headed hydra, a five-headed hydra, a basilisk, 3 rime drakes,
4 wyverns and 7 hell rats.

Vanquished Creatures
  2 hydras (Lair:3)
  Erica (D:10)
  2 two-headed ogres (D:9)
  Nergalle (Lair:2)
  2 skysharks (Lair:3)
  A pharaoh ant (Lair:3)
  Pikel (D:7)
  A deep elf pyromancer (D:8)
  A manticore (D:11)
  An ugly thing (D:8)
  10 elephants (Lair:3)
  A black mamba (Lair:2)
  5 cane toads
  7 komodo dragons (Lair:3)
  6 rime drakes
  3 polar bears
  4 hornets
  3 trolls
  2 tarantellas (Lair:3)
  Prince Ribbit (D:8)
  3 blink frogs (Lair:3)
  Grinder (D:3)
  A jumping spider (Lair:3)
  Sigmund (D:2)
  A spriggan (D:11)
  A wraith (D:11)
  44 yaks
  6 wyverns
  2 basilisks
  A vampire mosquito (D:8)
  2 steam dragons
  2 swamp worms (Lair:3)
  3 acid dragons
  5 water moccasins
  4 ice beasts
  5 orc warriors
  24 wolves
  2 ogres
  A black bear (Lair:4)
  4 centaurs
  A phantom (D:4)
  A kobold brigand (D:9)
  14 bullfrogs
  A scorpion (D:5)
  8 wights
  22 killer bees
  An electric eel (Lair:2)
  6 howler monkeys
  A gnoll bouda (D:8)
  13 orc priests
  A hound (D:4)
  Jessica (D:3)
  13 iguanas
  Natasha (thrice) (D:3)
  13 orc wizards
  7 sleepcaps
  6 hell rats
  3 gnolls (D:8)
  4 adders
  2 river rats (D:3)
  2 white imps
  5 dart slugs
  43 orcs
  5 ball pythons
  6 bats
  8 endoplasms
  5 giant cockroaches
  8 goblins
  4 hobgoblins
  3 jackals (D:4)
  12 kobolds
  11 quokkas
  20 frilled lizards
  10 rats
431 creatures vanquished.

Notes
Turn   | Place    | Note
-------+----------+-------------------------------------------
     0 | D:1      | qw the Gargoyle Fighter began the quest for the Orb.
     0 | D:1      | Reached XP level 1. HP: 14/14 MP: 1/1
     0 | D:1      | 0 ||| qw: Version: 0.3-a-32-g5962c71
     0 | D:1      | 0 ||| qw: Game counter: 7669
     0 | D:1      | 0 ||| qw: Melee chars always use a shield: true
     0 | D:1      | 0 ||| qw: God list: Okawaru
     0 | D:1      | 0 ||| qw: Allow faded altars: false
     0 | D:1      | 0 ||| qw: Do Orc after clearing Dungeon:15 true
     0 | D:1      | 0 ||| qw: Do second Lair branch before Depths: true
     0 | D:1      | 0 ||| qw: Lair rune preference: random
     0 | D:1      | 0 ||| qw: Goals: Normal, Zot:1-4, Slime:5, God:TSO, Crypt,
                  | Tomb, Abyss, Pan, Hells, Win
     0 | D:1      | 0 ||| PLANNING D:1-11
    19 | D:1      | Reached skill level 2 in Axes
    85 | D:1      | Reached XP level 2. HP: 7/19 MP: 2/2
   215 | D:1      | Reached skill level 3 in Axes
   289 | D:1      | Reached XP level 3. HP: 23/23 MP: 3/3
   302 | D:1      | 302 ||| Stepping ~*~*~tactically~*~*~ (hiding).
   303 | D:1      | 303 ||| Stepping ~*~*~tactically~*~*~ (hiding).
   305 | D:1      | 305 ||| Stepping ~*~*~tactically~*~*~ (hiding).
   414 | D:1      | 414 ||| FLEEEEING.
   415 | D:1      | 415 ||| FLEEEEING.
   416 | D:1      | 416 ||| FLEEEEING.
   417 | D:1      | 417 ||| FLEEEEING.
   418 | D:1      | 418 ||| FLEEEEING.
   494 | D:1      | Found a faded altar of an unknown god.
   502 | D:1      | 502 ||| Stepping ~*~*~tactically~*~*~ (stealth).
   748 | D:1      | 748 ||| UPGRADING to +4 ring of protection.
   749 | D:1      | 749 ||| READING scroll labelled AMNIT ROFECESO.
   750 | D:1      | 750 ||| READING scroll labelled WOTUOGOLOSH.
   751 | D:1      | 751 ||| READING scroll labelled NYMUORRIUSH.
   765 | D:1      | 765 ||| READING scroll labelled KECUPP EGYOMIO.
   995 | D:2      | 995 ||| DROPPING +0 club.
  1019 | D:2      | Reached XP level 4. HP: 28/28 MP: 4/4
  1030 | D:2      | Found Guggonabo's Distillery.
  1035 | D:2      | 1035 ||| BUYING potion of attraction (30 gold).
  1035 | D:2      | Bought a potion of attraction for 30 gold pieces
  1035 | D:2      | 1035 ||| SHOPLISTING potion of curing (30 gold, have 0).
  1035 | D:2      | 1035 ||| SHOPLISTING potion of heal wounds (50 gold, have
                  | 0).
  1035 | D:2      | 1035 ||| Stepping ~*~*~tactically~*~*~ (stealth).
  1052 | D:2      | Noticed Sigmund
  1054 | D:2      | 1054 ||| Stepping ~*~*~tactically~*~*~ (hiding).
  1055 | D:2      | 1055 ||| Stepping ~*~*~tactically~*~*~ (hiding).
  1088 | D:2      | Killed Sigmund
  1089 | D:2      | Reached skill level 5 in Axes
  1089 | D:2      | Reached XP level 5. HP: 15/32 MP: 5/5
  1552 | D:2      | 1552 ||| UPGRADING to +0 chain mail.
  1562 | D:2      | 1562 ||| DROPPING +0 scale mail.
  1563 | D:2      | 1563 ||| DROPPING orb of light.
  1564 | D:2      | 1564 ||| DROPPING amulet of magic regeneration.
  1565 | D:2      | 1565 ||| DRINKING 2 inky potions.
  1566 | D:2      | 1566 ||| DRINKING 2 murky grey potions.
  1567 | D:2      | 1567 ||| DROPPING potion of brilliance.
  1590 | D:3      | 1590 ||| PLANNING SEWER
  1592 | D:3      | Noticed Grinder
  1598 | D:3      | Reached XP level 6. HP: 33/37 MP: 6/6
  1605 | D:3      | HP: 7/37 [Grinder (8)]
  1606 | D:3      | 1606 ||| READING scroll of teleportation.
  1608 | D:3      | HP: 2/37 [Grinder (2)]
  1875 | D:3      | Noticed Natasha
  1885 | D:3      | Killed Natasha
  1892 | D:3      | Noticed Natasha
  1904 | D:3      | Killed Natasha
  1918 | D:3      | Noticed Natasha
  1936 | D:3      | Killed Natasha
  2015 | D:3      | Found a runed translucent gate.
  2016 | D:3      | Found a runed translucent gate.
  2016 | D:3      | Noticed qw's ghost (weakling GrHs)
  2017 | D:3      | Found a runed translucent gate.
  2018 | D:3      | Identified the +1 dagger of the Distant Future {heavy, rF+
                  | rC- SInv}
  2109 | D:3      | Found a runed translucent door.
  2110 | D:3      | Noticed Crazy Yiuf
  2226 | D:3      | 2226 ||| RIP SEWER
  2249 | D:3      | 2249 ||| PLANNING D:1-11
  2326 | D:3      | Found a hide-covered altar of Uskayaw.
  2331 | D:3      | Noticed Jessica
  2346 | D:3      | Killed Jessica
  2347 | D:3      | Reached skill level 6 in Axes
  2403 | D:3      | 2403 ||| Stepping ~*~*~tactically~*~*~ (stealth).
  2404 | D:3      | 2404 ||| Stepping ~*~*~tactically~*~*~ (stealth).
  2411 | D:3      | Killed Grinder
  2412 | D:3      | Reached XP level 7. HP: 41/43 MP: 7/7
  2482 | D:3      | 2482 ||| Stepping ~*~*~tactically~*~*~ (hiding).
  2484 | D:3      | 2484 ||| Stepping ~*~*~tactically~*~*~ (stealth).
  2770 | D:3      | 2770 ||| UPGRADING to +0 storm dragon scales.
  2780 | D:3      | 2780 ||| DROPPING +0 chain mail.
  2781 | D:3      | 2781 ||| UPGRADING to +0 pair of boots.
  2786 | D:3      | 2786 ||| READING scroll labelled ZUTEURREVVI.
  2825 | D:4      | 2825 ||| Stepping ~*~*~tactically~*~*~ (hiding).
  3001 | D:4      | 3001 ||| Stepping ~*~*~tactically~*~*~ (stealth).
  3170 | D:4      | 3170 ||| Stepping ~*~*~tactically~*~*~ (stealth).
  3171 | D:4      | 3171 ||| Stepping ~*~*~tactically~*~*~ (stealth).
  3481 | D:4      | 3481 ||| Stepping ~*~*~tactically~*~*~ (stealth).
  3482 | D:4      | 3482 ||| Stepping ~*~*~tactically~*~*~ (stealth).
  3497 | D:4      | Reached skill level 7 in Axes
  3569 | D:4      | 3569 ||| Stepping ~*~*~tactically~*~*~ (stealth).
  3636 | D:4      | 3636 ||| READING 3 scrolls of identify.
  3636 | D:4      | 3636 ||| IDENTIFYING red potion
  3675 | D:5      | Entered Level 5 of the Dungeon
  3778 | D:5      | 3778 ||| Stepping ~*~*~tactically~*~*~ (stealth).
  3781 | D:5      | 3781 ||| Stepping ~*~*~tactically~*~*~ (stealth).
  3808 | D:5      | Reached XP level 8. HP: 47/48 MP: 8/8
  3867 | D:5      | Noticed a troll
  3878 | D:5      | HP: 9/48 [troll (9)]
  3879 | D:5      | 3879 ||| DRINKING potion of heal wounds.
  3881 | D:5      | Killed a troll
  3882 | D:5      | Reached skill level 6 in Fighting
  4644 | D:5      | 4644 ||| READING scroll labelled EXONESK TORU.
  4645 | D:5      | 4645 ||| READING 7 scrolls of identify.
  4645 | D:5      | 4645 ||| IDENTIFYING silvery potion
  4646 | D:5      | 4646 ||| DROPPING potion of berserk rage.
  4688 | D:6      | Found Hosy's Antique Weapon Shop.
  4698 | D:6      | 4698 ||| BUYING broad axe (88 gold).
  4698 | D:6      | Bought a broad axe for 88 gold pieces
  4698 | D:6      | 4698 ||| SHOPLISTING dazzling flail (187 gold, have 104).
  4698 | D:6      | 4698 ||| SHOPLISTING glowing mace (132 gold, have 104).
  4698 | D:6      | 4698 ||| SWAPPING to +0 broad axe.
  4699 | D:6      | 4699 ||| DROPPING +0 war axe.
  4832 | D:6      | Found a blossoming altar of Fedhas.
  4890 | D:6      | 4890 ||| Stepping ~*~*~tactically~*~*~ (stealth).
  4892 | D:6      | 4892 ||| Stepping ~*~*~tactically~*~*~ (stealth).
  5143 | D:6      | Reached skill level 8 in Axes
  5244 | D:6      | 5244 ||| DROPPING +0 flail.
  5400 | D:6      | Reached XP level 9. HP: 55/55 MP: 9/9
  5723 | D:6      | 5723 ||| UPGRADING to +1 pair of gloves.
  5728 | D:6      | 5728 ||| UPGRADING to +2 pair of gloves.
  5738 | D:6      | 5738 ||| DROPPING +1 pair of gloves.
  5739 | D:6      | 5739 ||| READING scroll labelled BEOSTR MIAHIMI.
  5840 | D:6      | 5840 ||| READING scroll labelled MAACID GAEDO.
  5841 | D:6      | 5841 ||| READING scroll labelled UMAXYZASUOCH.
  5842 | D:6      | 5842 ||| READING scroll labelled FELINN KUDUXO.
  5843 | D:6      | 5843 ||| READING 8 scrolls of identify.
  5843 | D:6      | 5843 ||| IDENTIFYING glowing white potion
  5844 | D:6      | 5844 ||| DROPPING potion of ambrosia.
  5893 | D:7      | 5893 ||| Stepping ~*~*~tactically~*~*~ (stealth).
  5894 | D:7      | 5894 ||| Stepping ~*~*~tactically~*~*~ (stealth).
  5897 | D:7      | 5897 ||| Stepping ~*~*~tactically~*~*~ (stealth).
  5898 | D:7      | 5898 ||| Stepping ~*~*~tactically~*~*~ (stealth).
  5945 | D:7      | Noticed Pikel
  5955 | D:7      | Killed Pikel
  5956 | D:7      | Reached skill level 6 in Armour
  5987 | D:7      | 5987 ||| Stepping ~*~*~tactically~*~*~ (stealth).
  6028 | D:7      | Found a transporter.
  6035 | D:7      | Found a transporter.
  6036 | D:7      | 6036 ||| Stepping ~*~*~tactically~*~*~ (hiding).
  6037 | D:7      | 6037 ||| Stepping ~*~*~tactically~*~*~ (hiding).
  6042 | D:7      | 6042 ||| Stepping ~*~*~tactically~*~*~ (stealth).
  6046 | D:7      | 6046 ||| Stepping ~*~*~tactically~*~*~ (hiding).
  6047 | D:7      | 6047 ||| Stepping ~*~*~tactically~*~*~ (hiding).
  6064 | D:7      | Reached skill level 9 in Axes
  6099 | D:7      | 6099 ||| Stepping ~*~*~tactically~*~*~ (hiding).
  6100 | D:7      | 6100 ||| Stepping ~*~*~tactically~*~*~ (hiding).
  6101 | D:7      | 6101 ||| Stepping ~*~*~tactically~*~*~ (hiding).
  6204 | D:7      | 6204 ||| Stepping ~*~*~tactically~*~*~ (stealth).
  6365 | D:7      | 6365 ||| FLEEEEING.
  6366 | D:7      | 6366 ||| FLEEEEING.
  6367 | D:7      | 6367 ||| FLEEEEING.
  6368 | D:7      | 6368 ||| FLEEEEING.
  6374 | D:7      | 6374 ||| FLEEEEING.
  6587 | D:7      | 6587 ||| Stepping ~*~*~tactically~*~*~ (hiding).
  6696 | D:7      | Found a staircase to the Ecumenical Temple.
  6697 | D:7      | 6697 ||| PLANNING TEMPLE
  6697 | D:7      | 6697 ||| READING scroll labelled PYTHOC FUOC QUNTA.
  6698 | D:7      | 6698 ||| READING scroll labelled ESAWUL FIDA.
  6699 | D:7      | 6699 ||| READING scroll labelled OMPILA WOBU.
  6703 | D:7      | 6703 ||| Stepping ~*~*~tactically~*~*~ (stealth).
  6705 | D:7      | 6705 ||| Stepping ~*~*~tactically~*~*~ (hiding).
  6861 | Temple   | Entered the Ecumenical Temple
  6891 | Temple   | 6891 ||| PLANNING D:1-11
  7058 | D:7      | 7058 ||| Stepping ~*~*~tactically~*~*~ (stealth).
  7059 | D:7      | 7059 ||| Stepping ~*~*~tactically~*~*~ (stealth).
  7157 | D:8      | 7157 ||| FLEEEEING.
  7158 | D:8      | 7158 ||| STAIRDANCE
  7228 | D:8      | Noticed a hornet
  7236 | D:8      | Killed a hornet
  7237 | D:8      | Reached skill level 10 in Axes
  7237 | D:8      | Reached XP level 10. HP: 43/63 MP: 10/10
  7355 | D:8      | 7355 ||| Stepping ~*~*~tactically~*~*~ (stealth).
  7356 | D:8      | 7356 ||| Stepping ~*~*~tactically~*~*~ (stealth).
  7402 | D:8      | Found a hazy altar of Hepliaklqana.
  7402 | D:8      | Found a glowing silver altar of Zin.
  7404 | D:8      | Found a snail-covered altar of Cheibriados.
  7404 | D:8      | Found a basalt altar of Yredelemnul.
  7404 | D:8      | Found an ornate altar of the Wu Jian Council.
  7404 | D:8      | Found a broken altar of Ashenzari.
  7406 | D:8      | Found a shimmering blue altar of Sif Muna.
  7406 | D:8      | Found an iron altar of Okawaru.
  7406 | D:8      | Found a sacrificial altar of Ru.
  7407 | D:8      | 7407 ||| PLANNING OKAWARU WORSHIP
  7414 | D:8      | Became a worshipper of Warmaster Okawaru
  7415 | D:8      | 7415 ||| PLANNING D:1-11
  7445 | D:8      | 7445 ||| Stepping ~*~*~tactically~*~*~ (hiding).
  7460 | D:8      | HP: 8/64 [orc priest/divine providence (12)]
  7461 | D:8      | 7461 ||| DRINKING potion of heal wounds.
  7463 | D:8      | 7463 ||| FLEEEEING.
  7464 | D:8      | 7464 ||| FLEEEEING.
  7465 | D:8      | 7465 ||| FLEEEEING.
  7466 | D:8      | 7466 ||| FLEEEEING.
  7467 | D:8      | 7467 ||| FLEEEEING.
  7468 | D:8      | 7468 ||| FLEEEEING.
  7470 | D:8      | 7470 ||| FLEEEEING.
  7471 | D:8      | 7471 ||| FLEEEEING.
  7472 | D:8      | 7472 ||| FLEEEEING.
  7473 | D:8      | 7473 ||| FLEEEEING.
  7474 | D:8      | 7474 ||| FLEEEEING.
  7475 | D:8      | 7475 ||| FLEEEEING.
  7476 | D:8      | 7476 ||| FLEEEEING.
  7477 | D:8      | 7477 ||| FLEEEEING.
  7478 | D:8      | 7478 ||| FLEEEEING.
  7479 | D:8      | 7479 ||| FLEEEEING.
  7480 | D:8      | 7480 ||| FLEEEEING.
  7481 | D:8      | 7481 ||| FLEEEEING.
  7482 | D:8      | 7482 ||| FLEEEEING.
  7483 | D:8      | 7483 ||| FLEEEEING.
  7484 | D:8      | 7484 ||| FLEEEEING.
  7486 | D:8      | 7486 ||| FLEEEEING.
  7487 | D:8      | 7487 ||| FLEEEEING.
  7488 | D:8      | 7488 ||| FLEEEEING.
  7489 | D:8      | 7489 ||| FLEEEEING.
  7490 | D:8      | 7490 ||| FLEEEEING.
  7491 | D:8      | 7491 ||| FLEEEEING.
  7515 | D:8      | 7515 ||| FLEEEEING.
  7516 | D:8      | 7516 ||| FLEEEEING.
  7517 | D:8      | 7517 ||| FLEEEEING.
  7518 | D:8      | 7518 ||| FLEEEEING.
  7519 | D:8      | 7519 ||| FLEEEEING.
  7526 | D:8      | 7526 ||| STAIRDANCE
  7581 | D:8      | 7581 ||| Stepping ~*~*~tactically~*~*~ (stealth).
  7583 | D:8      | 7583 ||| Stepping ~*~*~tactically~*~*~ (hiding).
  7708 | D:8      | Noticed Prince Ribbit
  7740 | D:8      | Killed Prince Ribbit
  7767 | D:8      | 7767 ||| Stepping ~*~*~tactically~*~*~ (hiding).
  7768 | D:8      | 7768 ||| Stepping ~*~*~tactically~*~*~ (hiding).
  7769 | D:8      | 7769 ||| Stepping ~*~*~tactically~*~*~ (hiding).
  7770 | D:8      | 7770 ||| Stepping ~*~*~tactically~*~*~ (stealth).
  7778 | D:8      | Reached * piety under Okawaru
  7781 | D:8      | 7781 ||| Stepping ~*~*~tactically~*~*~ (hiding).
  7782 | D:8      | 7782 ||| Stepping ~*~*~tactically~*~*~ (hiding).
  7791 | D:8      | Reached skill level 1 in Invocations
  7811 | D:8      | 7811 ||| FLEEEEING.
  7812 | D:8      | 7812 ||| FLEEEEING.
  7855 | D:8      | 7855 ||| Stepping ~*~*~tactically~*~*~ (stealth).
  7856 | D:8      | Noticed a cyan ugly thing
  7858 | D:8      | 7858 ||| Stepping ~*~*~tactically~*~*~ (stealth).
  7869 | D:8      | 7869 ||| INVOKING Heroism.
  7874 | D:8      | Killed a cyan ugly thing
  7886 | D:8      | 7886 ||| INVOKING Heroism.
  7889 | D:8      | Reached skill level 3 in Invocations
  7923 | D:8      | 7923 ||| FLEEEEING.
  8005 | D:8      | 8005 ||| Stepping ~*~*~tactically~*~*~ (hiding).
  8010 | D:8      | 8010 ||| INVOKING Heroism.
  8065 | D:8      | Found Mifa's Magic Scroll Emporium.
  8071 | D:8      | 8071 ||| Stepping ~*~*~tactically~*~*~ (stealth).
  8072 | D:8      | 8072 ||| Stepping ~*~*~tactically~*~*~ (stealth).
  8075 | D:8      | 8075 ||| Stepping ~*~*~tactically~*~*~ (stealth).
  8084 | D:8      | 8084 ||| INVOKING Heroism.
  8094 | D:8      | Reached skill level 1 in Throwing
  8324 | D:8      | 8324 ||| UPGRADING to +6 ring of dexterity.
  8325 | D:8      | 8325 ||| UPGRADING to ring of see invisible.
  8327 | D:8      | 8327 ||| READING 11 scrolls of identify.
  8327 | D:8      | 8327 ||| IDENTIFYING grey potion
  8358 | D:8      | Noticed a deep elf pyromancer
  8362 | D:8      | 8362 ||| INVOKING Heroism.
  8365 | D:8      | Killed a deep elf pyromancer
  8366 | D:8      | Reached skill level 11 in Axes
  8490 | D:9      | Noticed a two-headed ogre
  8491 | D:9      | 8491 ||| INVOKING Heroism.
  8495 | D:9      | Reached XP level 11. HP: 68/68 MP: 11/14
  8502 | D:9      | Killed a two-headed ogre
  8502 | D:9      | Reached ** piety under Okawaru
  8503 | D:9      | Reached skill level 9 in Fighting
  8524 | D:9      | 8524 ||| FLEEEEING.
  8525 | D:9      | 8525 ||| FLEEEEING.
  8526 | D:9      | 8526 ||| FLEEEEING.
  8527 | D:9      | 8527 ||| FLEEEEING.
  8528 | D:9      | 8528 ||| FLEEEEING.
  8529 | D:9      | 8529 ||| FLEEEEING.
  8530 | D:9      | 8530 ||| FLEEEEING.
  8531 | D:9      | 8531 ||| FLEEEEING.
  8532 | D:9      | 8532 ||| STAIRDANCE
  8620 | D:9      | 8620 ||| INVOKING Heroism.
  8837 | D:9      | Found a staircase to the Orcish Mines.
  8851 | D:9      | Noticed a two-headed ogre
  8852 | D:9      | 8852 ||| INVOKING Heroism.
  8859 | D:9      | Killed a two-headed ogre
  9187 | D:9      | 9187 ||| DRINKING 2 amethyst potions.
  9197 | D:10     | Entered Level 10 of the Dungeon
  9259 | D:10     | 9259 ||| INVOKING Heroism.
  9263 | D:10     | Reached skill level 12 in Axes
  9420 | D:10     | 9420 ||| INVOKING Heroism.
  9469 | D:10     | Reached *** piety under Okawaru
  9478 | D:10     | Received a gift from Okawaru
  9479 | D:10     | Reached skill level 6 in Shields
  9587 | D:10     | Found a white marble altar of Elyvilon.
  9641 | D:10     | 9641 ||| Stepping ~*~*~tactically~*~*~ (hiding).
  9678 | D:10     | 9678 ||| Stepping ~*~*~tactically~*~*~ (hiding).
  9704 | D:10     | 9704 ||| Stepping ~*~*~tactically~*~*~ (hiding).
  9710 | D:10     | 9710 ||| INVOKING Heroism.
  9881 | D:10     | Noticed Erica
  9882 | D:10     | 9882 ||| INVOKING Heroism.
  9891 | D:10     | Killed Erica
 10067 | D:10     | 10067 ||| DRINKING 2 coppery potions.
 10121 | D:11     | 10121 ||| STAIRDANCE
 10217 | D:11     | 10217 ||| Stepping ~*~*~tactically~*~*~ (hiding).
 10218 | D:11     | 10218 ||| Stepping ~*~*~tactically~*~*~ (hiding).
 10369 | D:11     | 10369 ||| READING scroll of enchant armour.
 10369 | D:11     | 10369 ||| ENCHANTING +0 pair of boots.
 10451 | D:11     | Received a gift from Okawaru
 10560 | D:11     | 10560 ||| Stepping ~*~*~tactically~*~*~ (stealth).
 10562 | D:11     | 10562 ||| INVOKING Heroism.
 10623 | D:11     | Noticed a manticore
 10624 | D:11     | 10624 ||| INVOKING Heroism.
 10633 | D:11     | Killed a manticore
 10689 | D:11     | 10689 ||| Stepping ~*~*~tactically~*~*~ (hiding).
 10690 | D:11     | 10690 ||| Stepping ~*~*~tactically~*~*~ (hiding).
 10691 | D:11     | 10691 ||| Stepping ~*~*~tactically~*~*~ (hiding).
 10692 | D:11     | 10692 ||| Stepping ~*~*~tactically~*~*~ (hiding).
 10693 | D:11     | 10693 ||| Stepping ~*~*~tactically~*~*~ (hiding).
 10694 | D:11     | 10694 ||| INVOKING Heroism.
 10700 | D:11     | Reached skill level 3 in Throwing
 10700 | D:11     | Reached XP level 12. HP: 77/77 MP: 12/15
 10721 | D:11     | 10721 ||| Stepping ~*~*~tactically~*~*~ (hiding).
 10724 | D:11     | 10724 ||| Stepping ~*~*~tactically~*~*~ (hiding).
 10726 | D:11     | 10726 ||| Stepping ~*~*~tactically~*~*~ (hiding).
 10729 | D:11     | 10729 ||| Stepping ~*~*~tactically~*~*~ (hiding).
 10735 | D:11     | 10735 ||| Stepping ~*~*~tactically~*~*~ (stealth).
 10818 | D:11     | Found a staircase to the Lair.
 10933 | D:11     | 10933 ||| Stepping ~*~*~tactically~*~*~ (hiding).
 10936 | D:11     | 10936 ||| Stepping ~*~*~tactically~*~*~ (hiding).
 10937 | D:11     | 10937 ||| Stepping ~*~*~tactically~*~*~ (hiding).
 11176 | D:11     | 11176 ||| INVOKING Heroism.
 11340 | D:11     | 11340 ||| PLANNING LAIR
 11340 | D:11     | 11340 ||| UPGRADING to +2 hat.
 11393 | Lair:1   | Entered Level 1 of the Lair of Beasts
 11423 | Lair:1   | 11423 ||| Stepping ~*~*~tactically~*~*~ (stealth).
 11425 | Lair:1   | 11425 ||| INVOKING Heroism.
 11444 | Lair:1   | Reached skill level 13 in Axes
 11455 | Lair:1   | 11455 ||| INVOKING Heroism.
 11678 | Lair:1   | Reached skill level 9 in Armour
 11806 | Lair:1   | 11806 ||| Stepping ~*~*~tactically~*~*~ (stealth).
 11870 | Lair:1   | Found a dark tunnel.
 12113 | Lair:1   | 12113 ||| Stepping ~*~*~tactically~*~*~ (stealth).
 12114 | Lair:1   | 12114 ||| Stepping ~*~*~tactically~*~*~ (stealth).
 12489 | Lair:2   | 12489 ||| STAIRDANCE
 12492 | Lair:1   | 12492 ||| INVOKING Heroism.
 12587 | Lair:2   | 12587 ||| STAIRDANCE
 12589 | Lair:1   | Reached **** piety under Okawaru
 12590 | Lair:1   | 12590 ||| INVOKING Heroism.
 12939 | Lair:2   | 12939 ||| Stepping ~*~*~tactically~*~*~ (stealth).
 12949 | Lair:2   | 12949 ||| INVOKING Heroism.
 13034 | Lair:2   | Noticed Nergalle
 13035 | Lair:2   | 13035 ||| INVOKING Heroism.
 13057 | Lair:2   | 13057 ||| INVOKING Heroism.
 13064 | Lair:2   | Killed Nergalle
 13275 | Lair:2   | Reached skill level 14 in Axes
 13348 | Lair:2   | 13348 ||| Stepping ~*~*~tactically~*~*~ (hiding).
 13349 | Lair:2   | 13349 ||| Stepping ~*~*~tactically~*~*~ (hiding).
 13513 | Lair:2   | 13513 ||| INVOKING Heroism.
 13823 | Lair:2   | 13823 ||| READING 10 scrolls of identify.
 13823 | Lair:2   | 13823 ||| IDENTIFYING fizzy coppery potion
 13824 | Lair:2   | 13824 ||| DROPPING potion of degeneration.
 13875 | Lair:3   | 13875 ||| STAIRDANCE
 13881 | Lair:2   | 13881 ||| INVOKING Heroism.
 13996 | Lair:3   | 13996 ||| STAIRDANCE
 14060 | Lair:3   | 14060 ||| Stepping ~*~*~tactically~*~*~ (stealth).
 14070 | Lair:3   | Reached XP level 13. HP: 83/83 MP: 17/17
 14076 | Lair:3   | Reached skill level 6 in Invocations
 14078 | Lair:3   | 14078 ||| INVOKING Heroism.
 14085 | Lair:3   | Reached ***** piety under Okawaru
 14182 | Lair:3   | 14182 ||| INVOKING Heroism.
 14194 | Lair:3   | Received a gift from Okawaru
 14399 | Lair:3   | 14399 ||| INVOKING Heroism.
 14400 | Lair:3   | 14400 ||| Stepping ~*~*~tactically~*~*~ (stealth).
 14401 | Lair:3   | 14401 ||| INVOKING Finesse.
 14436 | Lair:3   | 14436 ||| SWAPPING to +2 morningstar.
 14437 | Lair:3   | 14437 ||| INVOKING Finesse.
 14442 | Lair:3   | 14442 ||| SWAPPING to +1 broad axe.
 14500 | Lair:3   | 14500 ||| Stepping ~*~*~tactically~*~*~ (stealth).
 14501 | Lair:3   | 14501 ||| Stepping ~*~*~tactically~*~*~ (stealth).
 14581 | Lair:3   | 14581 ||| FLEEEEING.
 14582 | Lair:3   | 14582 ||| FLEEEEING.
 14583 | Lair:3   | 14583 ||| FLEEEEING.
 14584 | Lair:3   | 14584 ||| FLEEEEING.
 14585 | Lair:3   | 14585 ||| FLEEEEING.
 14586 | Lair:3   | 14586 ||| FLEEEEING.
 14657 | Lair:3   | 14657 ||| Stepping ~*~*~tactically~*~*~ (stealth).
 14685 | Lair:3   | 14685 ||| INVOKING Heroism.
 14697 | Lair:3   | Received a gift from Okawaru
 14840 | Lair:3   | Found a hole to the Spider Nest.
 14881 | Lair:3   | 14881 ||| INVOKING Heroism.
 14950 | Lair:3   | 14950 ||| Stepping ~*~*~tactically~*~*~ (stealth).
 14955 | Lair:3   | 14955 ||| INVOKING Heroism.
 14985 | Lair:3   | 14985 ||| Stepping ~*~*~tactically~*~*~ (stealth).
 15018 | Lair:3   | 15018 ||| INVOKING Heroism.
 15035 | Lair:3   | 15035 ||| UPGRADING to amulet of reflection.
 15041 | Lair:3   | 15041 ||| READING scroll labelled POAPHU TAHOMOPP.
 15061 | Lair:3   | 15061 ||| INVOKING Heroism.
 15179 | Lair:3   | 15179 ||| INVOKING Heroism.
 15205 | Lair:3   | Reached skill level 9 in Invocations
 15205 | Lair:3   | HP: 21/84 [iguana (5)]
 15206 | Lair:3   | 15206 ||| READING scroll of teleportation.
 15207 | Lair:3   | 15207 ||| DRINKING potion of heal wounds.
 15398 | Lair:3   | 15398 ||| Stepping ~*~*~tactically~*~*~ (hiding).
 15400 | Lair:3   | 15400 ||| INVOKING Heroism.
 15403 | Lair:3   | Found a staircase to the Swamp.
 15609 | Lair:3   | 15609 ||| Stepping ~*~*~tactically~*~*~ (stealth).
 15610 | Lair:3   | 15610 ||| Stepping ~*~*~tactically~*~*~ (stealth).
 15615 | Lair:3   | 15615 ||| Stepping ~*~*~tactically~*~*~ (stealth).
 15671 | Lair:3   | 15671 ||| INVOKING Heroism.
 15678 | Lair:3   | 15678 ||| SWAPPING to +2 morningstar.
 15682 | Lair:3   | Received a gift from Okawaru
 15683 | Lair:3   | 15683 ||| SWAPPING to +1 broad axe.
 15860 | Lair:3   | 15860 ||| INVOKING Heroism.
 16011 | Lair:4   | 16011 ||| INVOKING Heroism.
 16051 | Lair:4   | Found a viscous altar of Jiyva.
 16051 | Lair:4   | Found a staircase to the Slime Pits.
 16063 | Lair:4   | 16063 ||| INVOKING Heroism.
 16231 | Lair:4   | 16231 ||| INVOKING Heroism.
 16242 | Lair:4   | 16242 ||| SWAPPING to +2 morningstar.
 16249 | Lair:4   | HP: 19/84 [five-headed hydra (6)]
 16250 | Lair:4   | HP: 2/84 [wyvern (10)]
 16250 | Lair:4   | Mangled by an eight-headed hydra

Levels and vault maps discovered:
D:1:      dpeg_arrival_tiny_b, layout_basic, chequers_ecumenical_altar_twisty
D:2:      layout_loops_ring, serial_shops, nicolae_shop_just_a_little_nook,
          minmay_misc_feat_doors, grunt_ministairs_2,
          dreamdust_princess_corridor, chequers_decorated_corner, uniq_sigmund
D:3:      layout_basic, mainiacjoe_overflow_alcove_1,
          biasface_ghost_orc_armoury, portal_sewer_entry_e, uniq_grinder,
          uniq_natasha, uniq_jessica, uniq_crazy_yiuf_cottage
D:4:      layout_loops_ring, grunt_decor_resistance
D:5:      layout_basic, st_stairs_2, nicolae_eternal_life
D:6:      layout_basic, marbit_many_paths, serial_shops, shop,
          chequers_serial_rivers_marsh, hangedman_abyss_or_decor_lesser_grid,
          nicolae_hexahallways
D:7:      gammafunk_steamed_eel, layout_loops_corners,
          minmay_temple_entry_ruins, david_defended_altar_orc, uniq_pikel
D:8:      cheibrodos_fzero, layout_basic, nicolae_overflows_in_rows,
          serial_shops, shop, uniq_prince_ribbit1
D:9:      layout_cross
D:10:     layout_loops_ring, general_overflow_altar, uniq_erica
D:11:     layout_irregular_city, lair_entry_dummy, portal_ice_cave_rime,
          the_hattery
Temple:   nicolae_temple_ecumenical_triangle
Lair:1:   layout_regular_city, nicolae_volcano_entry_lava_flow, minivault_24
Lair:2:   layout_gridlike, uniq_nergalle
Lair:3:   lemuel_reptile_caves, layout_regular_city, minmay_swamp_entry_worms,
          nicolae_spider_entry_lesser_pyramids, serial_bayou_shore_a
Lair:4:   layout_gridlike, slime_entry_1, special_room
          [special_room_mythical_zoo], basic_altar, uniq_nessos

Skill      XL: |  1  2  3  4  5  6  7  8  9 10 11 12 13 |
---------------+----------------------------------------+-----
Axes           | 2 3 5 6 7 8 10 11 12 14 | 14.7
Fighting       | 4 6 7 8 10 11 | 11.0
Dodging        | 2 |  2.6
Armour         | 4 6 7 8 9 10 | 10.0
Shields        | 4 5 6 7 |  7.0
Invocations    | 4 5 9 |  9.5
Throwing       | 1 3 4 |  4.1

Action                     |  1- 3 |  4- 6 |  7- 9 | 10-12 | 13-15 || total
---------------------------+-------+-------+-------+-------+-------++-------
  Melee: War axe           |   112 |   130 |   144 |       |       ||   386
         Broad axe         |       |       |   183 |   709 |   332 ||  1224
         Morningstar       |       |       |       |       |    16 ||    16
  Throw: Boomerang         |       |       |    23 |    57 |    34 ||   114
         Javelin           |       |       |       |    34 |    16 ||    50
 Invoke: Heroism           |       |       |       |    25 |    15 ||    40
         Finesse           |       |       |       |       |     2 ||     2
    Use: Scroll            |     4 |     1 |    12 |     3 |     2 ||    22
         Potion            |       |     2 |     1 |     3 |     1 ||     7
 Armour: Scale mail        |    49 |    20 |       |       |       ||    69
         Chain mail        |       |    47 |    15 |       |       ||    62
         Storm dragon scal |       |       |   217 |   548 |   254 ||  1019
  Dodge: Dodged            |    49 |    36 |   140 |   351 |   130 ||   706
  Block: Buckler           |    16 |    21 |    56 |   212 |   152 ||   457
         Reflection        |       |       |       |       |     1 ||     1

Table legend:
 A = Non-vault XP
 B = Vault XP
 C = Vault XP percentage of total XP
 D = Non-vault monster count
 E = Vault monster count
 F = Vault count percentage of total count
                 A         B        C        D         E       F
            +---------+---------+-------+---------+---------+-------
      Total |   38841 |   12457 |  24.3 |     345 |      86 |  20.0
            +---------+---------+-------+---------+---------+-------
        D:1 |      60 |       0 |   0.0 |      31 |       0 |   0.0
        D:2 |      33 |     225 |  87.2 |      20 |       3 |  13.0
        D:3 |     146 |     378 |  72.1 |      16 |      11 |  40.7
        D:4 |     310 |       0 |   0.0 |      21 |       0 |   0.0
        D:5 |     287 |     298 |  50.9 |      10 |       2 |  16.7
        D:6 |     769 |      39 |   4.8 |      12 |       1 |   7.7
        D:7 |    1132 |     763 |  40.3 |      20 |       4 |  16.7
        D:8 |    1741 |    3045 |  63.6 |      30 |      18 |  37.5
        D:9 |    3273 |       0 |   0.0 |      27 |       0 |   0.0
       D:10 |    2782 |     823 |  22.8 |      25 |       1 |   3.8
       D:11 |    2481 |     942 |  27.5 |      23 |       3 |  11.5
     Lair:1 |    5946 |       0 |   0.0 |      35 |       0 |   0.0
     Lair:2 |    4913 |     775 |  13.6 |      21 |       1 |   4.5
     Lair:3 |   13744 |    3941 |  22.3 |      48 |      36 |  42.9
     Lair:4 |    1224 |    1228 |  50.1 |       6 |       6 |  50.0
            +---------+---------+-------+---------+---------+-------
